 Dungeon Crawl Stone Soup version 0.29.1-2-gbd0b4ee654 (webtiles) character file.

Game seed: 10078055566879238580

945 RUZZLEFAZAZZLE the Magician (level 8, 0/58 HPs)
             Began as a Gnoll Hedge Wizard on Nov 28, 2022.
             Shot with an arrow by a centaur (6 damage)
             ... on level 6 of the Dungeon.
             The game lasted 00:29:31 (5588 turns).

RUZZLEFAZAZZLE the Magician (Gnoll Hedge Wizard)    Turns: 5588, Time: 00:29:32

Health: 0/58       AC:  4    Str:  9      XL:     8   Next: 13%
Magic:  8/19       EV: 13    Int: 14 (15) God:
Gold:   237        SH:  5    Dex: 11 (13) Spells: 11/22 levels left

rFire   + . .      SeeInvis .   a - +3 dagger
rCold   + . .      Faith    .   (no shield)
rNeg    . . .      Spirit   .   j - +0 robe
rPois   .          Reflect  +   c - +2 hat
rElec   .          Harm     .   (no cloak)
rCorr   .          Rampage  .   (no gloves)
Will    .....                   (no boots)
Stlth   +++.......              r - amulet of reflection
HPRegen 0.19/turn               i - ring of protection from cold
MPRegen 0.16/turn               p - ring of protection from fire

@: on berserk cooldown, slowed, very slow
A: fangs 1, strong nose, distributed training
a: no special abilities


You were on level 6 of the Dungeon.
You visited 1 branch of the dungeon, and saw 6 of its levels.

You collected 237 gold pieces.

Inventory:

Hand Weapons
 a - a +3 dagger (weapon)
Missiles
 e - a throwing net
Armour
 c - a +2 hat (worn)
 j - a +0 robe (worn)
Jewellery
 i - a ring of protection from cold (left hand)
 p - a ring of protection from fire (right hand)
 r - an amulet of reflection (around neck)
Wands
 b - a wand of flame (13)
 g - a wand of digging (5)
 q - a wand of polymorph (9)
Scrolls
 f - a scroll of magic mapping
Potions
 d - a potion of resistance
 h - a potion of curing
 l - 2 potions of lignification
 m - 2 potions of flight
 n - 2 potions of haste


   Skills:
 + Level 3.1 Fighting
 + Level 3.1 Short Blades
 + Level 3.1 Long Blades
 + Level 3.1 Axes
 + Level 3.1 Maces & Flails
 + Level 3.1 Polearms
 + Level 3.1 Staves
 + Level 3.1 Ranged Weapons
 + Level 3.1 Throwing
 + Level 3.1 Armour
 + Level 5.6 Dodging
 + Level 5.2 Stealth
 + Level 3.1 Shields
 + Level 3.1 Unarmed Combat
 + Level 7.8 Spellcasting
 + Level 3.3 Conjurations
 + Level 2.5 Hexes
 + Level 3.3 Summonings
 + Level 2.5 Necromancy
 + Level 3.3 Translocations
 + Level 2.5 Transmutations
 + Level 2.5 Fire Magic
 + Level 2.5 Ice Magic
 + Level 2.5 Air Magic
 + Level 2.5 Earth Magic
 + Level 2.5 Poison Magic
 + Level 3.4 Invocations
 + Level 3.1 Evocations


You had 11 spell levels left.
You knew the following spells:

 Your Spells              Type           Power      Damage    Failure   Level
a - Magic Dart            Conj           56%        1d5       3%          1
b - Call Imp              Summ           14%        N/A       4%          2
c - Conjure Flame         Conj/Fire      13%        6-21      12%         3
d - Mephitic Cloud        Conj/Pois/Air  13%        N/A       12%         3
e - Blink                 Tloc           28%        N/A       4%          2

Your spell library contained the following spells:

 Spells                   Type           Power      Damage    Failure   Level
 Slow                     Hex            48%        N/A       4%          1
 Portal Projectile        Hex/Tloc       26%        N/A       12%         3
 Tukima's Dance           Hex            12%        N/A       14%         3
 Blade Hands              Tmut           6%         N/A       78%         5


Dungeon Overview and Level Annotations

Branches:
Dungeon (6/15)
 Temple: D:4-7

Altars:
Fedhas
Makhleb
Nemelex Xobeh
Ru
Uskayaw

Annotations:
D:4 3 runed translucent doors, ripuliukko's ghost, amateur GrEE
D:5 Eustachio


Innate Abilities, Weirdness & Mutations

You have very sharp teeth.
Your uncanny sense of smell can sniff out nearby items.
Your experience applies equally to all skills.


Message History

Your Unarmed Combat skill increases to level 3!
Your Evocations skill increases to level 3!
You have reached level 8!
You feel agile.
You are too berserk!
You barely miss the ogre. You puncture the ogre!
The ogre is moderately wounded.
You puncture the ogre!
The ogre is almost dead.
The ogre hits you with a +0 giant club!
* * * LOW HITPOINT WARNING * * *
You puncture the ogre!
You kill the ogre!
You feel your dexterity returning.
You start resting.
Your transformation is almost over.
You feel a strong urge to attack something.
You start resting.
You feel your anger nearly subside.
You are no longer berserk.
You are exhausted.
You feel yourself slow down.
You start resting.
You feel less wooden.
Your +2 hat unmelds from your body.
Your +0 robe unmelds from your body.
You start resting.
A centaur comes into view.
A centaur is nearby!
A centaur is nearby!
Aiming: Magic Dart (safe; 3% risk of failure)
Press: ? - help, Q - select action, (/) - cycle Shift-Dir - straight line, f - centaur
Aim: a centaur, quivering stones (wandering, hasn't noticed you, 100% to hit)
The magic dart hits the centaur.
The centaur is lightly wounded.
The centaur shouts!
The centaur wields a +0 shortbow.
The centaur shoots an arrow.
The arrow hits you!
* * * LOW HITPOINT WARNING * * *
The centaur shoots an arrow.
The arrow hits you.
You die...

.......
.....#.∆
.....#. .......
#...... #......
......)##
.......@#
........).?....
...............
...............
......##.......
...... .......
...... .......
...... ....c..


You could see a centaur.

Vanquished Creatures
  Edmund (D:5)
  An ogre (D:6)
  A phantom (D:4)
  A scorpion (D:5)
  A gnoll bouda (D:6)
  An iguana (D:5)
  An orc wizard (D:3)
  Robin (D:2)
  4 gnolls (D:5)
  4 adders
  An ufetubus (D:5)
  7 orcs
  A bat (D:2)
  2 endoplasms
  2 giant cockroaches
  12 goblins
  13 hobgoblins
  3 quokkas
  6 ball pythons
  2 frilled lizards
  6 kobolds
  8 rats
79 creatures vanquished.

Vanquished Creatures (collateral kills)
  A water moccasin (D:5)
  A black bear (D:4)
  An ogre (D:5)
  A jelly (D:4)
  Jessica (D:2)
  A gnoll (D:5)
  A shadow imp (D:4)
  3 worms
  An orc (D:5)
11 creatures vanquished.

Grand Total: 90 creatures vanquished

Notes
Turn   | Place    | Note
-------+----------+-------------------------------------------
     0 | D:1      | RUZZLEFAZAZZLE the Gnoll Hedge Wizard began the quest for
                  | the Orb.
     0 | D:1      | Reached XP level 1. HP: 13/13 MP: 8/8
   218 | D:1      | Reached XP level 2. HP: 19/19 MP: 1/10
   289 | D:1      | Found a faded altar of an unknown god.
   966 | D:2      | Reached XP level 3. HP: 21/25 MP: 5/11
  1045 | D:2      | Reached skill level 1 in Invocations
  1171 | D:2      | Learned a level 2 spell: Call Imp
  1191 | D:2      | Learned a level 3 spell: Conjure Flame
  1195 | D:2      | Learned a level 3 spell: Mephitic Cloud
  1198 | D:2      | Learned a level 2 spell: Blink
  1383 | D:2      | Reached skill level 1 in Fighting
  1383 | D:2      | Reached skill level 1 in Short Blades
  1383 | D:2      | Reached skill level 1 in Long Blades
  1383 | D:2      | Reached skill level 1 in Axes
  1383 | D:2      | Reached skill level 1 in Maces & Flails
  1383 | D:2      | Reached skill level 1 in Polearms
  1383 | D:2      | Reached skill level 1 in Staves
  1383 | D:2      | Reached skill level 1 in Ranged Weapons
  1383 | D:2      | Reached skill level 1 in Throwing
  1383 | D:2      | Reached skill level 1 in Armour
  1383 | D:2      | Reached skill level 1 in Shields
  1383 | D:2      | Reached skill level 1 in Unarmed Combat
  1383 | D:2      | Reached skill level 1 in Evocations
  1449 | D:2      | Noticed Robin
  1650 | D:1      | Reached XP level 4. HP: 23/32 MP: 3/13
  1752 | D:2      | Killed Robin
  2122 | D:2      | Noticed Jessica
  2132 | D:2      | Killed Jessica
  2133 | D:2      | Reached skill level 1 in Hexes
  2133 | D:2      | Reached skill level 1 in Necromancy
  2133 | D:2      | Reached skill level 1 in Transmutations
  2133 | D:2      | Reached skill level 1 in Fire Magic
  2133 | D:2      | Reached skill level 1 in Ice Magic
  2133 | D:2      | Reached skill level 1 in Air Magic
  2133 | D:2      | Reached skill level 1 in Earth Magic
  2133 | D:2      | Reached skill level 1 in Poison Magic
  2680 | D:3      | Reached XP level 5. HP: 23/37 MP: 8/14
  2802 | D:3      | Found a sparkling altar of Nemelex Xobeh.
  2808 | D:3      | Found a hide-covered altar of Uskayaw.
  3730 | D:4      | Found a burning altar of Makhleb.
  3771 | D:4      | Found a runed translucent gate.
  3772 | D:4      | Found a runed translucent gate.
  3773 | D:4      | Found a runed translucent gate.
  3777 | D:4      | Noticed ripuliukko's ghost (amateur GrEE)
  3782 | D:4      | Noticed a phantom
  3794 | D:4      | Noticed a kobold brigand
  3802 | D:4      | Killed a phantom
  3803 | D:4      | Reached skill level 5 in Dodging
  3803 | D:4      | Reached XP level 6. HP: 27/44 MP: 2/16
  3925 | D:4      | Found a sacrificial altar of Ru.
  3947 | D:4      | Found a blossoming altar of Fedhas.
  4085 | D:4      | Noticed a black bear
  4094 | D:4      | Killed a black bear
  4463 | D:5      | Entered Level 5 of the Dungeon
  4531 | D:5      | Noticed Edmund
  4538 | D:5      | Noticed a water moccasin
  4573 | D:5      | Killed a water moccasin
  4574 | D:5      | Reached XP level 7. HP: 36/44 MP: 0/18
  4579 | D:5      | Killed Edmund
  4811 | D:5      | Reached skill level 5 in Stealth
  5484 | D:5      | Noticed Eustachio
  5552 | D:6      | Reached XP level 8. HP: 21/58 MP: 1/19
  5588 | D:6      | Shot with an arrow by a centaur

Illustrated notes

Levels and vault maps discovered:
D:1:      ebering_trefoil_3fold, layout_basic, hellmonk_ecumenical_altar_run_dry
D:2:      layout_basic, serial_glass, glass_columns_c, glass_columns_a,
          glass_columns_b, glass_columns_b, serial_park_tiny_1, uniq_robin,
          uniq_jessica
D:3:      layout_loops_cross, grunt_temple_overflow_open, serial_glass,
          glass_columns_a, glass_columns_b, feat_on_display
D:4:      layout_basic, nicolae_overflow_crystal_walls, fedhas_ov_isle_minmay,
          nicolae_overflow_hidden_temple, gammafunk_ghost_split
D:5:      layout_basic, uniq_ijyb, uniq_eustachio, uniq_edmund
D:6:      minmay_goblin_kobold_castle, layout_cave_pools

Skill      XL: |  1  2  3  4  5  6  7 |
---------------+----------------------+-----
Conjurations   | 2 3 |  3.3
Summonings     | 2 3 |  3.3
Translocations | 2 3 |  3.3
Invocations    | 1 2 3 |  3.4
Fighting       | 1 2 3 |  3.1
Short Blades   | 1 2 3 |  3.1
Long Blades    | 1 2 3 |  3.1
Axes           | 1 2 3 |  3.1
Maces & Flails | 1 2 3 |  3.1
Polearms       | 1 2 3 |  3.1
Staves         | 1 2 3 |  3.1
Ranged Weapons | 1 2 3 |  3.1
Throwing       | 1 2 3 |  3.1
Armour         | 1 2 3 |  3.1
Shields        | 1 2 3 |  3.1
Unarmed Combat | 1 2 3 |  3.1
Evocations     | 1 2 3 |  3.1
Hexes          | 1 2 |  2.5
Necromancy     | 1 2 |  2.5
Transmutations | 1 2 |  2.5
Fire Magic     | 1 2 |  2.5
Ice Magic      | 1 2 |  2.5
Air Magic      | 1 2 |  2.5
Earth Magic    | 1 2 |  2.5
Poison Magic   | 1 2 |  2.5
Dodging        | 5 |  5.6
Stealth        | 5 |  5.2
Spellcasting   | |  7.8

Action                   |  1- 3 |  4- 6 |  7- 9 || total
-------------------------+-------+-------+-------++-------
Melee: Dagger            |    21 |    13 |    28 ||    62
       Bite              |     2 |       |     3 ||     5
       Punch             |     1 |       |       ||     1
 Cast: Magic Dart        |   120 |   107 |    54 ||   281
       Call Imp          |     2 |     9 |     5 ||    16
       Conjure Flame     |       |     3 |     4 ||     7
       Mephitic Cloud    |       |     2 |     2 ||     4
Evoke: Wand              |       |     1 |    14 ||    15
  Use: Scroll            |     7 |     4 |     2 ||    13
       Potion            |     1 |     9 |     5 ||    15
Armor: Robe              |    17 |     9 |     6 ||    32
       Skin              |       |    34 |    13 ||    47
Dodge: Dodged            |    60 |    37 |    25 ||   122
Block: Other             |       |    17 |    11 ||    28
